 Dungeon Crawl Stone Soup version 0.25-a0-855-g681bda5bb4 (webtiles) character file.

Game seed: 5622662430722537554, levelgen mode: deterministic

10342 octopode3rune the Geomancer (level 11, -9/67 HPs)
             Began as an Octopode Earth Elementalist on Apr 26, 2020.
             Was a Believer of Ashenzari.
             Mangled by a minotaur
             ... wielding a +1 scythe of protection
              (38 damage)
             ... in a Gauntlet.
             The game lasted 00:43:22 (15220 turns).

octopode3rune the Geomancer (OpEE)                 Turns: 15220, Time: 00:43:22

Health: -9/67      AC:  1    Str:  8    XL:     11   Next: 60%
Magic:  0/25       EV: 19    Int: 21    God:    Ashenzari [**....]
Gold:   1083       SH:  5    Dex: 17    Spells: 10/30 levels left

rFire    + . .     SeeInvis .   v - +2 dagger (distort) (curse)
rCold    + . .     Gourm    .   m - +0 buckler {rF+}
rNeg     . . .     Faith    .   (helmet restricted)
rPois    .         Spirit   +   Q - amulet of guardian spirit
rElec    .         Reflect  .   g - +5 ring of dexterity (curse)
rCorr    .         Harm     .   j - ring of protection from cold
MR       +....     NoTele   +   I - +5 ring of evasion (curse)
Stlth    +++.......             (no ring)
HPRegen  0.21/turn              (no ring)
MPRegen  0.19/turn              (no ring)
                                (no ring)
                                (no ring)

@: hasted, very quick
A: almost no armour, stealthy swim, amphibious, 8 rings, constrict 8, camouflage
1, magic resistance 1, teleportitis 1, gelatinous body 1, MP-powered wands
a: Curse Item, Scrying, Renounce Religion


You were in a Gauntlet.
You worshipped Ashenzari.
Ashenzari was pleased with you.
You were not hungry.

You visited 1 branch of the dungeon, and saw 11 of its levels.
You also visited: Sewer and Gauntlet.

You collected 1083 gold pieces.

Inventory:

Hand Weapons
 v - a cursed +2 dagger of distortion (weapon)
Missiles
 b - 225 stones (quivered)
Armour
 m - a +0 buckler of fire resistance (worn)
Magical Staves
 J - an uncursed staff of conjuration
Jewellery
 g - a cursed +5 ring of dexterity (left tentacle)
 j - a ring of protection from cold (right tentacle)
 D - an uncursed ring of ice
 I - a cursed +5 ring of evasion (on tentacle)
 O - a +3 ring of evasion
 Q - an amulet of guardian spirit (around mantle)
Wands
 q - a wand of digging (6)
 H - a wand of polymorph (11)
 M - a wand of flame (20)
Scrolls
 a - 11 scrolls of teleportation
 d - a scroll of fear {unknown}
 e - 4 scrolls of blinking
 h - 2 scrolls of enchant armour {unknown}
 k - 5 scrolls of fog
 l - 2 scrolls of enchant weapon
 n - 3 scrolls of amnesia
 o - 3 scrolls of magic mapping
 p - a scroll of random uselessness {unknown}
 u - a scroll of immolation {unknown}
 A - 5 scrolls of identify
 F - 3 scrolls of torment
 K - a scroll of vulnerability {unknown}
 L - a scroll of brand weapon {unknown}
 N - a scroll of holy word {unknown}
Potions
 f - 3 potions of magic
 i - 2 potions of resistance
 r - a potion of might {unknown}
 s - 9 potions of flight
 t - 2 potions of ambrosia {unknown}
 w - 3 potions of brilliance
 x - 2 potions of stabbing
 z - 2 potions of cancellation
 B - 2 potions of heal wounds {unknown}
 C - 2 potions of mutation
 G - a potion of berserk rage {unknown}
Miscellaneous
 R - a phial of floods (inert)
Comestibles
 c - 11 rations


   Skills:
 - Level 3.0 Fighting
 - Level 3.5(5.6) Short Blades
 - Level 2.0 Dodging
 - Level 2.6 Stealth
 - Level 4.0 Shields
 - Level 10.0 Spellcasting
 + Level 3.0 Conjurations
 - Level 3.0 Necromancy
 - Level 3.0 Transmutations
 - Level 12.0 Earth Magic


You had 10 spell levels left.
You knew the following spells:

 Your Spells              Type           Power        Failure   Level  Hunger
a - Sandblast             Erth           ######       1%          1    None
b - Passwall              Tmut/Erth      #####...     1%          2    None
c - Stone Arrow           Conj/Erth      #####.       1%          3    None
d - Lee's Rapid Deconstr  Erth           ######....   1%          5    ####...
e - Borgnjor's Vile Clut  Necr/Erth      #####.....   9%          5    ####...
f - Petrify               Tmut/Erth      #####...     3%          4    ##.....

Your spell library contained the following spells:

 Spells                   Type           Power        Failure   Level  Hunger
 Beastly Appendage        Tmut           ###...       1%          1    None
 Sticks to Snakes         Tmut           ###.....     2%          2    None
 Infusion                 Chrm           ##..         6%          1    None
 Ensorcelled Hibernation  Hex/Ice        ##....       10%         2    None
 Swiftness                Chrm/Air       ##......     10%         2    None
 Spider Form              Tmut/Pois      ###.......   11%         3    None
 Recall                   Summ/Tloc      N/A          19%         3    None
 Animate Dead             Necr           N/A          19%         4    ##.....
 Ice Form                 Ice/Tmut       ###.....     34%         4    ##.....
 Blade Hands              Tmut           ###.......   45%         5    ####...
 Passage of Golubria      Tloc           N/A          54%         4    ##.....
 Iskenderun's Battlesphe  Conj/Chrm      ###.....     67%         5    ####...
 Metabolic Englaciation   Hex/Ice        ##........   87%         5    ####...
 Death Channel            Necr           ###.......   96%         6    ######.
 Simulacrum               Ice/Necr       ###.......   99%         6    ######.
 Darkness                 Hex            ##........   100%        6    ######.
 Invisibility             Hex            ##......     100%        6    ######.
 Ring of Flames           Chrm/Fire      ##........   100%        7    #######


Dungeon Overview and Level Annotations

Branches:
Dungeon (11/15)            Temple (0/1) D:5            Lair (0/6) D:9
    Orc (0/2) D:9           Sewer (visited)         Gauntlet (1/1)

Altars:
Ashenzari
Dithmenos
Hepliaklqana
Nemelex Xobeh
Ru
Vehumet
Wu Jian
Zin
Beogh

Shops:
D:6 (

Annotations:
D:9 3 runed translucent doors, Oxie's ghost, novice DrEE Gauntlet 12 transporters


Innate Abilities, Weirdness & Mutations

You cannot wear most types of armour.
You are very stealthy in the water. (Stealth+)
You are amphibious.
You can wear up to eight rings at the same time.
You can use your tentacles to constrict eight enemies at once.
Your skin changes colour to match your surroundings (Stealth+).
Your rubbery body absorbs attacks. (AC +1, EV +1)
You are resistant to hostile enchantments. (MR+)
You are occasionally teleported next to monsters.
You expend magic power (3 MP) to strengthen your wands.


Message History

Evoke which item? (* to show all) (? for menu, Esc to quit)
Aiming: Iceblast
Press: ? - help, Shift-Dir - straight line, f/p - minotaur
Aim: a minotaur, wielding a +1 scythe of protection, wearing a cursed +0 plate armour, wearing an uncursed ring of protection from magic and quivering 3 javelins (moderately wounded)
The mass of ice explodes!
The iceblast engulfs the minotaur zombie!
The minotaur zombie partially resists.
The minotaur zombie is heavily damaged.
The iceblast engulfs the minotaur but does no damage.
The minotaur is moderately wounded.
The now-empty wand crumbles to dust.
Unknown command.
Unknown command.
Press: ? - help, v - describe, . - travel
Here: a minotaur, wielding a +1 scythe of protection, wearing a cursed +0 plate armour, wearing an uncursed ring of protection from magic and quivering 3 javelins (moderately wounded)
The floor.
The minotaur throws a javelin.
The javelin barely misses you.
The minotaur hits you from afar with a +1 scythe of protection!!!
Ouch! That really hurt!
You die...

* '⌠...# * ...⌠+,* ∩.. #.#*
#######'####### #..........(.(#
#.###.###.###.# #(..ZH........#
###@###.###.###
#####.###.###.#####
#≈...............≈# ### ###
####8..©.©.©.©.©.©..8#### #8# #8#
#8##≈...............§##8#
#################################
...................≈∩≈...........
.................................
########.###########.###########.


You could see a minotaur and a minotaur zombie.

Vanquished Creatures
  A green death (Gauntlet)
  A two-headed ogre (D:7)
  An unseen horror (D:10)
  A worldbinder (Gauntlet)
  A centaur zombie (D:10)
  Joseph (D:7)
  The ghost of Conn the Sneak, a novice OpWz (D:5)
  A tengu conjurer (Gauntlet)
  Grinder (D:5)
  2 centaur simulacra (D:7)
  Eustachio (D:4)
  Menkaure (D:6)
  A soldier ant (shapeshifter) (D:8)
  A water moccasin (D:7)
  Purgy (Sewer)
  6 orc warriors
  3 black bears
  4 sky beasts
  A necrophage (D:10)
  3 ice beasts
  2 boggarts (Gauntlet)
  4 ogres
  2 centaurs
  4 big kobolds
  3 bullfrogs
  A wyvern skeleton (D:9)
  5 scorpions
  5 killer bees (D:9)
  7 wights
  A bullfrog zombie (D:8)
  4 crimson imps
  2 quasits (D:8)
  2 centaur skeletons
  A bullfrog skeleton (D:7)
  8 hounds
  10 orc priests
  3 orc wizards
  An iguana (D:6)
  12 worker ants
  A killer bee zombie (D:8)
  3 hound zombies
  A howler monkey zombie (D:7)
  2 worker ant zombies (D:8)
  17 adders
  10 gnolls
  A howler monkey skeleton (D:4)
  An ooze (D:4)
  2 adder skeletons
  3 worms
  8 leopard geckos
  51 orcs
  6 giant cockroaches
  10 goblins
  3 hobgoblins
  10 jackals
  26 kobolds
  9 quokkas
  5 ball pythons
  7 bats
  7 frilled lizards
  A quokka zombie (D:8)
  10 rats
  3 demonic plants (Gauntlet)
  2 fungi (D:5)
309 creatures vanquished.

Vanquished Creatures (others)
  An orc warrior (D:9)
  5 ice beasts
  A big kobold (D:10)
  A bullfrog (D:6)
  A crimson imp (D:8)
  A bullfrog skeleton (D:10)
  An iguana (D:5)
  2 orc wizards
  2 worker ants
  2 adders
  An adder skeleton (D:5)
  6 orcs
  A quokka (D:4)
  4 demonic plants (Gauntlet)
  2 fungi (D:5)
  3 plants (D:9)
34 creatures vanquished.

Grand Total: 343 creatures vanquished

Notes
Turn   | Place    | Note
-------+----------+-------------------------------------------
     0 | D:1      | octopode3rune the Octopode Earth Elementalist began the
                  | quest for the Orb.
     0 | D:1      | Reached XP level 1. HP: 11/11 MP: 3/3
   388 | D:1      | Reached XP level 2. HP: 17/17 MP: 0/5
   706 | D:1      | Learned a level 2 spell: Passwall
  1201 | D:1      | Reached XP level 3. HP: 21/21 MP: 4/6
  1461 | D:2      | Reached skill level 4 in Earth Magic
  2126 | D:2      | Reached XP level 4. HP: 26/27 MP: 3/8
  2198 | D:2      | Reached skill level 1 in Shields
  2485 | D:2      | Learned a level 3 spell: Stone Arrow
  2782 | D:3      | Found a glowing drain.
  2826 | D:3      | Reached XP level 5. HP: 17/31 MP: 3/9
  3013 | Sewer    | Entered a sewer
  3227 | Sewer    | Noticed Purgy
  3237 | Sewer    | Killed Purgy
  3237 | Sewer    | Reached skill level 5 in Earth Magic
  3237 | Sewer    | Reached XP level 6. HP: 36/36 MP: 5/10
  3620 | D:3      | Found a glowing silver altar of Zin.
  3759 | D:3      | Found a shattered altar of Ashenzari.
  3818 | D:3      | Became a worshipper of Ashenzari the Shackled
  4214 | D:4      | Noticed Eustachio
  4220 | D:4      | Reached XP level 7. HP: 32/41 MP: 7/12
  4250 | D:4      | Killed Eustachio
  4250 | D:4      | Reached skill level 6 in Earth Magic
  4825 | D:4      | Found a radiant altar of Vehumet.
  5154 | D:4      | Learned a level 5 spell: Lee's Rapid Deconstruction
  5155 | D:5      | Entered Level 5 of the Dungeon
  5194 | D:5      | Noticed Grinder
  5314 | D:5      | Reached XP level 8. HP: 33/46 MP: 10/14
  5405 | D:5      | Paralysed by Grinder for 4 turns
  5411 | D:5      | Paralysed by Grinder for 7 turns
  5420 | D:5      | Killed Grinder
  5420 | D:5      | Reached skill level 1 in Short Blades
  5420 | D:5      | Reached skill level 7 in Earth Magic
  5863 | D:5      | Found a large runed translucent door.
  5863 | D:5      | Found a large runed translucent door.
  5866 | D:5      | Noticed Conn's ghost (novice OpWz)
  5892 | D:5      | Reached skill level 5 in Spellcasting
  6387 | D:5      | Found a staircase to the Ecumenical Temple.
  6863 | D:5      | Killed Conn's ghost
  6863 | D:5      | Reached skill level 8 in Earth Magic
  6876 | D:5      | Learned a level 5 spell: Borgnjor's Vile Clutch
  6906 | D:6      | Found a sparkling altar of Nemelex Xobeh.
  6908 | D:6      | Found a sacrificial altar of Ru.
  6910 | D:6      | Found an ornate altar of the Wu Jian Council.
  6910 | D:6      | Found a hazy altar of Hepliaklqana.
  7002 | D:6      | Reached XP level 9. HP: 51/51 MP: 17/17
  7344 | D:6      | Reached skill level 1 in Conjurations
  7344 | D:6      | Reached skill level 1 in Necromancy
  7734 | D:6      | Noticed Menkaure
  7740 | D:6      | Killed Menkaure
  8088 | D:6      | Found Eberimou's Weapon Emporium.
  8223 | D:7      | Found a transporter.
  8274 | D:7      | Found a transporter.
  8313 | D:7      | Reached skill level 9 in Earth Magic
  9071 | D:7      | Found a shadowy altar of Dithmenos.
  9090 | D:7      | Reached XP level 10. HP: 37/56 MP: 15/21
  9103 | D:7      | Reached skill level 10 in Earth Magic
  9166 | D:7      | Noticed a two-headed ogre
  9175 | D:7      | Killed a two-headed ogre
  9575 | D:7      | Noticed Joseph
  9586 | D:7      | Killed Joseph
  9842 | D:8      | Reached * piety under Ashenzari
  9884 | D:8      | Learned a level 4 spell: Petrify
 10076 | D:8      | Found a transporter.
 10078 | D:8      | Found a transporter.
 10611 | D:8      | Reached skill level 11 in Earth Magic
 11575 | D:9      | Reached skill level 1 in Fighting
 11823 | D:9      | Found a runed translucent gate.
 11823 | D:9      | Found a runed translucent gate.
 11823 | D:9      | Found a runed translucent gate.
 11824 | D:9      | Noticed a nine-headed hydra
 11824 | D:9      | Noticed Oxie's ghost (novice DrEE)
 11825 | D:9      | Identified the +4 broad axe "Ashraiw" {protect, rF+++ MR-
                  | Str+2 Int+5}
 12050 | D:9      | Reached XP level 11. HP: 63/63 MP: 13/24
 12207 | D:9      | Found a roughly hewn altar of Beogh.
 12207 | D:9      | Found a staircase to the Orcish Mines.
 12498 | D:9      | Identified Pioruh's Handbook of Good Luck and the Glacier
 12669 | D:9      | Found a staircase to the Lair.
 12748 | D:10     | Entered Level 10 of the Dungeon
 12935 | D:10     | Reached skill level 10 in Spellcasting
 13494 | D:10     | Reached ** piety under Ashenzari
 13885 | D:10     | Killed an unseen horror
 13885 | D:10     | Reached skill level 12 in Earth Magic
 13906 | D:11     | Found a gate leading to a gauntlet.
 13917 | Gauntlet | Entered a Gauntlet
 13917 | Gauntlet | Found a transporter.
 13993 | Gauntlet | Found a transporter.
 14005 | Gauntlet | Identified the cursed ring of Red Wine {rF++ rC+ AC-2 Str+2
                  | Dex-5}
 14012 | Gauntlet | Found a transporter.
 14019 | Gauntlet | Found a transporter.
 14036 | Gauntlet | Noticed a wolf spider
 14037 | Gauntlet | Noticed an entropy weaver
 14038 | Gauntlet | Found a transporter.
 14058 | Gauntlet | Found a transporter.
 14058 | Gauntlet | Noticed a hell hog
 14070 | Gauntlet | Found a transporter.
 14070 | Gauntlet | Noticed a green death
 14082 | Gauntlet | Found a transporter.
 14082 | Gauntlet | Noticed a green death
 14088 | Gauntlet | Found a transporter.
 14088 | Gauntlet | Found a transporter.
 14108 | Gauntlet | Found a transporter.
 14112 | Gauntlet | Noticed a wolf spider
 14112 | Gauntlet | an eye of devastation changed into a wolf spider
 14113 | Gauntlet | Noticed a glowing shapeshifter
 14113 | Gauntlet | a wolf spider changed into a glowing shapeshifter
 14114 | Gauntlet | Found a transporter.
 14114 | Gauntlet | a glowing shapeshifter changed into a slime creature
 14116 | Gauntlet | Found a transporter.
 14116 | Gauntlet | Noticed a great orb of eyes
 14116 | Gauntlet | a slime creature changed into a great orb of eyes
 14120 | Gauntlet | Noticed a queen ant
 14120 | Gauntlet | a great orb of eyes changed into a queen ant
 14130 | Gauntlet | Noticed a death yak
 14130 | Gauntlet | a queen ant changed into a death yak
 14132 | Gauntlet | Noticed a five-headed hydra
 14132 | Gauntlet | a death yak changed into a five-headed hydra
 14136 | Gauntlet | Noticed a spark wasp
 14136 | Gauntlet | a five-headed hydra changed into a spark wasp
 14137 | Gauntlet | Identified the +0 flail "Aruasim" {speed, Dex+2}
 14138 | Gauntlet | Noticed a queen ant
 14138 | Gauntlet | a spark wasp changed into a queen ant
 14140 | Gauntlet | Found a transporter.
 14144 | Gauntlet | a queen ant changed into something unseen
 14146 | Gauntlet | Found a transporter.
 14146 | Gauntlet | Noticed an ice dragon
 14147 | Gauntlet | Noticed a fire dragon
 14147 | Gauntlet | an ice dragon changed into a fire dragon
 14150 | Gauntlet | Noticed a wolf spider
 14150 | Gauntlet | a fire dragon changed into a wolf spider
 14151 | Gauntlet | Noticed a great orb of eyes
 14151 | Gauntlet | a wolf spider changed into a great orb of eyes
 14157 | Gauntlet | Noticed a queen ant
 14157 | Gauntlet | a great orb of eyes changed into a queen ant
 14162 | Gauntlet | Noticed a spark wasp
 14162 | Gauntlet | a queen ant changed into a spark wasp
 14164 | Gauntlet | Noticed an ettin
 14164 | Gauntlet | a spark wasp changed into an ettin
 14166 | Gauntlet | Noticed a satyr
 14166 | Gauntlet | an ettin changed into a satyr
 14199 | Gauntlet | Found a transporter.
 14200 | Gauntlet | Noticed a tengu warrior
 14225 | Gauntlet | Noticed a worldbinder
 14244 | Gauntlet | Found a transporter.
 14248 | Gauntlet | Found a transporter.
 14431 | Gauntlet | Noticed a cyclops
 14436 | Gauntlet | Noticed an ironheart preserver
 14436 | Gauntlet | Killed a worldbinder
 14680 | Gauntlet | Gained mutation: You are occasionally teleported next to
                  | monsters. [potion of mutation]
 14680 | Gauntlet | Gained mutation: You expend magic power (3 MP) to
                  | strengthen your wands. [potion of mutation]
 14680 | Gauntlet | Gained mutation: You are resistant to hostile enchantments.
                  | (MR+) [potion of mutation]
 14705 | Gauntlet | Noticed a glowing orange brain
 14711 | Gauntlet | Noticed a catoblepas
 14727 | Gauntlet | Noticed a dire elephant
 14727 | Gauntlet | a catoblepas changed into a dire elephant
 14729 | Gauntlet | Noticed a sphinx
 14729 | Gauntlet | a dire elephant changed into a sphinx
 14732 | Gauntlet | Noticed a fire giant
 14732 | Gauntlet | a sphinx changed into a fire giant
 14734 | Gauntlet | Noticed an alligator snapping turtle
 14734 | Gauntlet | a fire giant changed into an alligator snapping turtle
 14738 | Gauntlet | Noticed a frost giant
 14738 | Gauntlet | an alligator snapping turtle changed into a frost giant
 14748 | Gauntlet | Noticed an iron dragon
 14748 | Gauntlet | a frost giant changed into an iron dragon
 14755 | Gauntlet | Noticed an iron giant
 14755 | Gauntlet | an iron dragon changed into an iron giant
 14764 | Gauntlet | a glowing orange brain changed into a water nymph
 14764 | Gauntlet | Noticed a golden dragon
 14764 | Gauntlet | an iron giant changed into a golden dragon
 14766 | Gauntlet | Noticed an acid blob
 14766 | Gauntlet | a golden dragon changed into an acid blob
 14771 | Gauntlet | Noticed a shadow dragon
 14771 | Gauntlet | an acid blob changed into a shadow dragon
 14773 | Gauntlet | Noticed a fire giant
 14773 | Gauntlet | a shadow dragon changed into a fire giant
 14778 | Gauntlet | Noticed a frost giant
 14778 | Gauntlet | a fire giant changed into a frost giant
 14781 | Gauntlet | Noticed a stone giant
 14781 | Gauntlet | a frost giant changed into a stone giant
 14787 | Gauntlet | Noticed a sphinx
 14787 | Gauntlet | a stone giant changed into a sphinx
 14790 | Gauntlet | Noticed an alligator snapping turtle
 14790 | Gauntlet | a sphinx changed into an alligator snapping turtle
 15021 | Gauntlet | Killed a green death
 15135 | Gauntlet | Noticed a death drake
 15136 | Gauntlet | Got the uncursed cloak of the Eight Boll Weevils {rC+
                  | Int+4}
 15140 | Gauntlet | Noticed an ice dragon
 15148 | Gauntlet | a death drake changed into a dream sheep
 15182 | Gauntlet | Noticed a minotaur
 15220 | Gauntlet | Mangled by a minotaur

Levels and vault maps discovered:
D:1:      sevenhm_arrival_forest_fort_small_6, layout_basic
D:2:      layout_loops_ring, hangedman_abyss_or_decor_stabs
D:3:      cheibrodos_helix_gallery, layout_loops_cross, zin_scriptorium,
          first_ration, cheibrodos_sewer_entry_drain,
          cheibrodos_ashenzari_chains
D:4:      layout_basic, nicolae_overflow_crystal_walls, minmay_cut_off,
          uniq_eustachio
D:5:      layout_basic, minmay_temple_entry_antechambers,
          ebering_ghost_disaster_area, water_boxes_lemuel, uniq_grinder
D:6:      layout_loops_ring, grunt_temple_overflow_open, serial_shops,
          kennysheep_mini_moat, uniq_menkaure
D:7:      gammafunk_cloud_chamber, layout_basic, kennysheep_little_box,
          uniq_joseph
D:8:      gammafunk_the_bubble [the_bubble_gammafunk_split], layout_basic
D:9:      layout_loops_corners, lair_entry_dummy, david_orc_5,
          gammafunk_ghost_hydra_chop, blue_anna_alchemist
          [blue_anna_fruit_fields, blue_anna_fruit_fields],
          nicolae_straight_to_the_point
D:10:     layout_loops_ring
D:11:     layout_cave_pools, gauntlet_entry_generic,
          muffindrake_ghost_dual_entry
Gauntlet: gammafunk_gauntlet_one_two_three [nicolae_gauntlet_arena_grate_2,
          gammafunk_gauntlet_arena_corners, gammafunk_gauntlet_arena_crates,
          nicolae_gauntlet_swirl, nicolae_gauntlet_arena_quarters,
          gammafunk_gauntlet_arena_hedges,
          gammafunk_gauntlet_arena_split_diamond,
          nicolae_gauntlet_arena_flowing_pool, gammafunk_gauntlet_arena_open,
          gauntlet_exit_hidden_loot]

Skill      XL: |  1  2  3  4  5  6  7  8  9 10 11 |
---------------+----------------------------------+-----
Earth Magic    | 4 5 6 8 9 11 12 | 12.0
Shields        | 1 2 3 4 |  4.0
Spellcasting   | 3 4 5 7 9 10 | 10.0
Short Blades   | 2 3 |  3.5
Conjurations   | 1 3 |  3.0
Necromancy     | 1 3 |  3.0
Fighting       | 1 3 |  3.0
Transmutations | 3 |  3.0
Dodging        | |  2.0
Stealth        | |  2.6

Action                   |  1- 3 |  4- 6 |  7- 9 | 10-12 || total
-------------------------+-------+-------+-------+-------++-------
Melee: Unarmed           |    14 |     8 |       |       ||    22
       Tentacles         |     2 |     2 |    27 |    30 ||    61
       Constrict         |     1 |     7 |    33 |    37 ||    78
       Dagger            |       |    16 |   140 |   181 ||   337
 Cast: Sandblast         |    49 |    72 |    41 |    76 ||   238
       Passwall          |    10 |     1 |     3 |       ||    14
       Stone Arrow       |       |     1 |    10 |     7 ||    18
       Lee's Rapid Decon |       |       |     4 |    53 ||    57
       Borgnjor's Vile C |       |       |     2 |       ||     2
       Petrify           |       |       |       |     1 ||     1
Invok: Curse Item        |       |       |     1 |     1 ||     2
       Scrying           |       |       |       |     1 ||     1
Evoke: Wand              |       |       |     4 |     6 ||    10
       Phial of floods   |       |       |       |     1 ||     1
  Use: Potion            |     2 |       |       |     6 ||     8
       Scroll            |       |     5 |     5 |     3 ||    13
 Stab: Sleeping          |     1 |     6 |     8 |     8 ||    23
       Distracted        |       |       |     1 |       ||     1
  Eat: Chunk             |     3 |     8 |     4 |    13 ||    28
       Ration            |       |       |     4 |     5 ||     9
Armor: Skin              |     9 |     2 |     1 |     5 ||    17
Dodge: Dodged            |    30 |    22 |    71 |   166 ||   289
Block: Buckler           |       |     6 |    26 |    41 ||    73

Table legend:
 A = Non-vault XP
 B = Vault XP
 C = Vault XP percentage of total XP
 D = Non-vault monster count
 E = Vault monster count
 F = Vault count percentage of total count
                 A         B        C        D         E       F
            +---------+---------+-------+---------+---------+-------
      Total |    9022 |    5753 |  38.9 |     266 |      63 |  19.1
            +---------+---------+-------+---------+---------+-------
        D:1 |      43 |       0 |   0.0 |      25 |       0 |   0.0
        D:2 |      89 |       0 |   0.0 |      18 |       0 |   0.0
        D:3 |     219 |       9 |   3.9 |      26 |       5 |  16.1
        D:4 |     348 |     265 |  43.2 |      22 |       3 |  12.0
        D:5 |     509 |     616 |  54.8 |      13 |       2 |  13.3
        D:6 |     900 |     172 |  16.0 |      26 |       1 |   3.7
        D:7 |    1649 |    1373 |  45.4 |      20 |       8 |  28.6
        D:8 |     822 |     519 |  38.7 |      28 |       8 |  22.2
        D:9 |    1482 |     488 |  24.8 |      30 |      23 |  43.4
       D:10 |    2848 |       0 |   0.0 |      56 |       0 |   0.0
       D:11 |     113 |       0 |   0.0 |       2 |       0 |   0.0
      Sewer |       0 |     168 | 100.0 |       0 |       8 | 100.0
   Gauntlet |       0 |    2143 | 100.0 |       0 |       5 | 100.0
            +---------+---------+-------+---------+---------+-------
